 Dungeon Crawl Stone Soup version 0.28-a0-1038-g9c4cb8273d (webtiles) character file.

Game seed: 18359504456799437286

604 Htamos the Thaumaturge (level 7, -7/40 HPs)
             Began as a Deep Elf Conjurer on Dec 8, 2021.
             Mangled by an ogre (26 damage)
             ... on level 5 of the Dungeon.
             The game lasted 00:14:13 (6250 turns).

Htamos the Thaumaturge (Deep Elf Conjurer)          Turns: 6250, Time: 00:14:14

Health: -7/40      AC:  9    Str:  6    XL:     7   Next: 18%
Magic:  15/21      EV:  9    Int: 23    God:
Gold:   43         SH:  5    Dex: 13    Spells: 15/24 levels left

rFire   + . .      SeeInvis .   A - +3 whip
rCold   . . .      Faith    .   (no shield)
rNeg    . . .      Spirit   .   x - +2 ring mail {rF+}
rPois   .          Reflect  +   (no helmet)
rElec   .          Harm     .   C - scarf {repulsion}
rCorr   .          Rampage  .   c - +0 pair of gloves
Will    .....                   v - +0 pair of boots
Stlth   +.........              n - amulet of reflection
HPRegen 0.13/turn               (no ring)
MPRegen 0.17/turn               (no ring)

@: repel missiles
A: no striking features
a: no special abilities


You were on level 5 of the Dungeon.
You visited 1 branch of the dungeon, and saw 5 of its levels.
You also visited: Sewer.

You collected 175 gold pieces.
You spent 132 gold pieces at shops.

Inventory:

Hand Weapons
 d - a +0 rapier
 h - a +0 short sword
 j - a +0 dagger
 A - a +3 whip (weapon)
Armour
 a - a +0 robe
 c - a +0 pair of gloves (worn)
 g - a +0 ring mail
 q - a +1 cloak
 v - a +0 pair of boots (worn)
 x - a +2 ring mail of fire resistance (worn)
 C - a scarf of repulsion (worn)
Jewellery
 n - an amulet of reflection (around neck)
Scrolls
 e - a scroll of teleportation
 f - 3 scrolls of amnesia {unknown}
 l - 3 scrolls of fear {unknown}
 o - 4 scrolls of fog {unknown}
 p - a scroll of magic mapping
 t - a scroll of torment
 y - 2 scrolls of immolation
 G - 2 scrolls of enchant weapon {unknown}
Potions
 b - a potion of resistance {unknown}
 m - 2 potions of brilliance
 s - 2 potions of flight
 u - 2 potions of mutation
 w - a potion of cancellation {unknown}
 z - a potion of magic
 E - a potion of haste {unknown}
 F - a potion of curing {unknown}


   Skills:
 + Level 2.9 Fighting
 - Level 2.4 Dodging
 - Level 2.4 Stealth
 * Level 9.0 Spellcasting
 - Level 4.8 Conjurations


You had 15 spell levels left.
You knew the following spells:

 Your Spells              Type           Power      Damage    Failure   Level
a - Magic Dart            Conj           100%       1d8       3%          1
b - Fulminant Prism       Conj/Hex       10%        3d9       67%         4
c - Iskenderun's Mystic   Conj/Tloc      21%        2d6       67%         4

Your spell library contained the following spells:

 Spells                   Type           Power      Damage    Failure   Level
 Searing Ray              Conj           64%        2d6       5%          2
 Animate Skeleton         Necr           20%        N/A       26%         1
 Pain                     Necr           40%        1d6       26%         1
 Dazzling Flash           Conj/Hex       42%        N/A       28%         3
 Vampiric Draining        Necr           10%        2d6       58%         3
 Animate Dead             Necr           5%         N/A       94%         4
 Haunt                    Necr/Summ      5%         N/A       100%        7
 Infestation              Necr           5%         N/A       100%        8


Dungeon Overview and Level Annotations

Branches:
Dungeon (5/15)              Sewer (visited)
 Temple: D:4-7

Altars:
Trog
Wu Jian

Shops:
D:3 !


Message History

The ogre convulses!
Unknown command.
Casting: Magic Dart (safe; 3% risk of failure)
Confirm with . or Enter, or press ? or * to list all spells.
Aiming: Magic Dart (safe; 3% risk of failure)
Press: ? - help, Shift-Dir - straight line, f - ogre
Aim: an ogre, wielding a +0 giant club (heavily wounded, 100% to hit)
The magic dart hits the ogre.
The ogre is heavily wounded.
Casting: Magic Dart (safe; 3% risk of failure)
Confirm with . or Enter, or press ? or * to list all spells.
Aiming: Magic Dart (safe; 3% risk of failure)
Press: ? - help, Shift-Dir - straight line, f/p - ogre
Aim: an ogre, wielding a +0 giant club (heavily wounded, 100% to hit)
The magic dart hits the ogre!
The ogre is almost dead.
Casting: Magic Dart (safe; 3% risk of failure)
Confirm with . or Enter, or press ? or * to list all spells.
Aiming: Magic Dart (safe; 3% risk of failure)
Press: ? - help, Shift-Dir - straight line, f/p - ogre
Aim: an ogre, wielding a +0 giant club (almost dead, 100% to hit)
The magic dart hits the ogre.
The ogre is almost dead.
Casting: Magic Dart (safe; 3% risk of failure)
Confirm with . or Enter, or press ? or * to list all spells.
Aiming: Magic Dart (safe; 3% risk of failure)
Press: ? - help, Shift-Dir - straight line, f/p - ogre
Aim: an ogre, wielding a +0 giant club (almost dead, 100% to hit)
The magic dart hits the ogre but does no damage.
The ogre is almost dead.
Casting: Magic Dart (safe; 3% risk of failure)
Confirm with . or Enter, or press ? or * to list all spells.
Aiming: Magic Dart (safe; 3% risk of failure)
Press: ? - help, Shift-Dir - straight line, f/p - ogre
Aim: an ogre, wielding a +0 giant club (almost dead, 100% to hit)
The magic dart hits the ogre.
The ogre is almost dead.
The ogre hits you with a +0 giant club!!
Ouch! That really hurt!
You die...

###..#................ ##
##.#####........(...
##.####..#....P..........
##........#....P..........
#.........................
###.....##................
#.....#####.............
##.....### ..... ##....@O#
...s #####.....# ...
##....# .. ####... . .# .


You could see an ogre.

Vanquished Creatures
  A centaur (D:5)
  A scorpion (D:5)
  A centaur zombie (D:5)
  2 bullfrog zombies (D:5)
  An orc priest (D:4)
  A hound (D:4)
  A bullfrog skeleton (D:5)
  Jessica (D:3)
  A scorpion zombie (D:5)
  An orc wizard (D:4)
  7 adders
  An adder skeleton (D:4)
  An adder zombie (D:5)
  3 worms
  13 orcs
  7 ball pythons
  8 endoplasms
  6 giant cockroaches
  10 goblins
  8 hobgoblins
  11 jackals (Sewer)
  7 kobolds
  5 quokkas
  4 bats
  10 frilled lizards
  6 rats
118 creatures vanquished.

Vanquished Creatures (others)
  20 plants (Sewer)
  2 withered plants (D:5)
22 creatures vanquished.

Grand Total: 140 creatures vanquished

Notes
Turn   | Place    | Note
-------+----------+-------------------------------------------
     0 | D:1      | Htamos the Deep Elf Conjurer began the quest for the Orb.
     0 | D:1      | Reached XP level 1. HP: 10/10 MP: 6/6
   333 | D:1      | Reached XP level 2. HP: 15/15 MP: 5/8
   704 | D:2      | Reached skill level 4 in Spellcasting
   762 | D:2      | Found an ornate altar of the Wu Jian Council.
   911 | D:2      | Reached XP level 3. HP: 19/19 MP: 2/10
  1855 | D:3      | Reached skill level 5 in Spellcasting
  2160 | D:3      | Reached XP level 4. HP: 24/24 MP: 10/13
  2165 | D:3      | Learned a level 4 spell: Fulminant Prism
  2170 | D:3      | Learned a level 4 spell: Iskenderun's Mystic Blast
  2581 | D:3      | Found a bloodstained altar of Trog.
  2776 | D:3      | Found Qihe's Distillery.
  2842 | D:3      | Bought a potion of brilliance for 44 gold pieces
  2842 | D:3      | Bought a potion of mutation for 88 gold pieces
  2851 | D:3      | Noticed Jessica
  2904 | D:3      | Killed Jessica
  2905 | D:3      | Reached skill level 6 in Spellcasting
  3220 | D:4      | Reached skill level 1 in Fighting
  3220 | D:4      | Reached XP level 5. HP: 27/29 MP: 8/15
  3309 | D:4      | Noticed a steam dragon
  3332 | D:4      | Found a glowing drain.
  3395 | Sewer    | Entered a sewer
  3922 | Sewer    | Reached skill level 7 in Spellcasting
  4408 | D:4      | Reached XP level 6. HP: 35/35 MP: 13/18
  5096 | D:5      | Entered Level 5 of the Dungeon
  5585 | D:5      | Reached skill level 8 in Spellcasting
  5923 | D:5      | Noticed a swamp drake
  5923 | D:5      | a scorpion changed into a swamp drake
  5924 | D:5      | Reached XP level 7. HP: 40/40 MP: 18/21
  5924 | D:5      | Noticed a fire bat
  5924 | D:5      | a swamp drake changed into a fire bat
  5926 | D:5      | Noticed a wyvern
  5926 | D:5      | a fire bat changed into a wyvern
  5930 | D:5      | Noticed a steam dragon
  5930 | D:5      | a wyvern changed into a steam dragon
  6059 | D:5      | Reached skill level 9 in Spellcasting
  6250 | D:5      | Mangled by an ogre

Illustrated notes

Levels and vault maps discovered:
D:1:      psy_arrival_conway, layout_rooms
D:2:      cheibrodos_greedy_goblins, layout_basic, basic_altar
D:3:      layout_loops_corners, trog_book, serial_shops, shop, dk_vineyard_2,
          uniq_jessica
D:4:      layout_rooms, gup_sewer_entry_pipe, kennysheep_generic_room_5
D:5:      minmay_diamond_boxcup, layout_cave_pools, serial_shops,
          shop_fountains, nicolae_shop_behind_doors, serial_undead,
          serial_undead_b, serial_undead_e, serial_undead_a, serial_undead_e,
          nicolae_fountain_basement

Skill      XL: |  1  2  3  4  5  6  7 |
---------------+----------------------+-----
Spellcasting   | 4 5 6 7 8 9 |  9.0
Fighting       | 1 2 |  2.9
Dodging        | |  2.4
Stealth        | |  2.4
Conjurations   | |  4.8

Action                   |  1- 3 |  4- 6 |  7- 9 || total
-------------------------+-------+-------+-------++-------
Melee: Rapier            |     1 |       |       ||     1
       Whip              |       |    10 |    13 ||    23
 Cast: Magic Dart        |    86 |   219 |     7 ||   312
Evoke: Wand              |       |     1 |     7 ||     8
  Use: Scroll            |       |     9 |     2 ||    11
       Potion            |       |     7 |       ||     7
Armor: Robe              |     2 |    12 |       ||    14
       Ring mail         |       |    15 |     5 ||    20
Dodge: Dodged            |     4 |    54 |     8 ||    66
Block: Other             |       |    14 |     3 ||    17
       Reflection        |       |     4 |       ||     4

Table legend: (Time is in decaauts)
 A = Elapsed time spent in this place.
 B = Non-inter-level travel time spent in this place.
 C = Inter-level travel time spent in this place.
 D = Time resting spent in this place.
 E = Time spent auto-exploring this place.
 F = Levels seen in this place.
 G = Mean time per level.
                   A        B        C        D        E       F      G
               +--------+--------+--------+--------+--------+-----+--------+
         Total |   6421 |   6271 |    150 |    856 |   4279 |   6 | 1070.2 |
       Dungeon |   5391 |   5241 |    150 |    681 |   3628 |   5 | 1078.2 |
         Sewer |   1029 |   1029 |      0 |    175 |    651 |   1 | 1029.0 |
               +--------+--------+--------+--------+--------+-----+--------+

Top non-repeatable levels by time:
     D:3: 1437 daAuts
     D:4: 1363 daAuts
     D:2: 1165 daAuts
   Sewer: 1029 daAuts
     D:5: 748 daAuts
     D:1: 677 daAuts
